 Dungeon Crawl Stone Soup version 0.28-a0-655-g4eb62b627b (webtiles) character file.

Game seed: 10556857389217826744

239 frimble the Stinger (level 6, -3/36 HPs)
             Began as an Octopode Venom Mage on Oct 13, 2021.
             Blown up by a hobgoblin (33 damage)
             ... with a mindburst bolt
             ... on level 4 of the Dungeon.
             The game lasted 00:07:35 (4866 turns).

frimble the Stinger (Octopode Venom Mage)           Turns: 4866, Time: 00:07:36

Health: -3/36      AC:  1    Str:  7    XL:     6   Next: 7%
Magic:  10/10      EV: 17    Int: 19    God:
Gold:   150        SH:  0    Dex: 13    Spells: 3/11 levels left

rFire   . . .      SeeInvis .   a - +0 dagger
rCold   . . .      Faith    .   (no shield)
rNeg    . . .      Spirit   .   (helmet restricted)
rPois   .          Reflect  .   (no amulet)
rElec   .          Harm     .   j - ring of resist corrosion
rCorr   +          Rampage  .   h - +4 ring of evasion
Will    .....                   (no ring)
Stlth   +++.......              (no ring)
HPRegen 0.12/turn               (no ring)
MPRegen 0.12/turn               (no ring)
                                (no ring)
                                (no ring)

@: no status effects
A: almost no armour, amphibious, 8 rings, camouflage 1, gelatinous body 1,
(nimble swimmer 1), tentacles
a: no special abilities


You were on level 4 of the Dungeon.
You visited 1 branch of the dungeon, and saw 4 of its levels.

You collected 180 gold pieces.
You spent 30 gold pieces at shops.

Inventory:

Hand Weapons
 a - a +0 dagger (weapon)
Missiles
 d - 6 javelins
Jewellery
 h - a +4 ring of evasion (right tentacle)
 j - a ring of resist corrosion (left tentacle)
Wands
 c - a wand of mindburst (15)
 f - a wand of iceblast (9)
Scrolls
 g - a scroll of blinking
 i - 2 scrolls of enchant armour
Potions
 b - a potion of mutation
 e - 2 potions of might


   Skills:
 - Level 2.0 Dodging
 - Level 2.8 Stealth
 + Level 3.1 Spellcasting
 + Level 1.9 Transmutations
 + Level 2.5 Ice Magic
 + Level 5.8 Poison Magic


You had 3 spell levels left.
You knew the following spells:

 Your Spells              Type           Power      Damage    Failure   Level
a - Sting                 Tmut/Pois      68%        1d6       3%          1
b - Ozocubu's Armour      Ice            12%        N/A       16%         3
c - Olgreb's Toxic Radia  Pois           25%        N/A       14%         4

Your spell library contained the following spells:

 Spells                   Type           Power      Damage    Failure   Level
 Poisonous Vapours        Pois/Air       28%        N/A       7%          2
 Passwall                 Tmut/Erth      5%         N/A       16%         2
 Mephitic Cloud           Conj/Pois/Air  10%        N/A       21%         3
 Call Canine Familiar     Summ           3%         N/A       41%         3
 Portal Projectile        Hex/Tloc       6%         N/A       41%         3
 Swiftness                Air            3%         N/A       41%         3
 Leda's Liquefaction      Hex/Erth       1%         N/A       83%         4
 Invisibility             Hex            1%         N/A       100%        6
 Ozocubu's Refrigeration  Ice            6%         4d6       100%        7


Dungeon Overview and Level Annotations

Branches:
Dungeon (4/15)
 Temple: D:4-7

Altars:
Sif Muna
Xom

Shops:
D:2 *

Annotations:
D:3 3 runed translucent doors, avis's ghost, amateur OpTm


Innate Abilities, Weirdness & Mutations

You cannot wear most types of armour.
You are amphibious.
You can wear up to eight rings at the same time.
Your skin changes colour to match your surroundings (Stealth+).
Your rubbery body absorbs attacks. (AC +1, EV +1)
((You are camouflaged near water. (Stealth+)))
You have tentacles for arms and can constrict up to eight enemies at once.


Message History

You constrict the orc wizard.
The orc wizard hits you with a +0 dagger.
You hit the orc wizard.
You kill the orc wizard!
You have reached level 6!
Your experience leads to an increase in your attributes!
Increase (S)trength, (I)ntelligence, or (D)exterity?
You feel clever.
Things that are here:
a +0 dagger; a +0 robe; an orc corpse
Found a scroll of blinking.
Found a knobbly diamond ring.
Found a jade ring.
Found a stone staircase leading down.
Found 20 stones.
g - a scroll of blinking
There are no items here.
Found a scroll labelled AMOZEN VELUSE.
h - a +4 ring of evasion
There are no items here.
Found 15 gold pieces.
j - a ring of resist corrosion
There are no items here.
j - a ring of resist corrosion (left tentacle)
h - a +4 ring of evasion (right tentacle)
k - a scroll labelled AMOZEN VELUSE
There are no items here.
As you read the scroll labelled AMOZEN VELUSE, it crumbles to dust.
Magic quickly surges around you.
It was a scroll of vulnerability.
You now have 150 gold pieces (gained 15).
There are no items here.
Found a stone staircase leading down.
Found 16 stones.
You hear the rusting of a drain.
You feel your willpower return.
A hobgoblin comes into view.
It is carrying a wand of mindburst (18).
The hobgoblin shouts!
The hobgoblin zaps a wand.
Your mind is blasted!
Ouch! That really hurt!
You die...

.........##.......####..
...............#....#...
.......g.....#..........
................##<.#...
............##.)#####...
#......######.......#..
##...#..# #..##....#.
#.. #.######..# #.....
#.. #@....#..## #....#
#. #........## #.... ..
#.#.##.#..####.... .
#.######..##.##... ..#
#.......... ..#
##......... ..#
#......#.. #######
..########.....###.
#..(..#
###..##........###


You could see a hobgoblin.

Vanquished Creatures
  A hound (D:4)
  An orc priest (D:4)
  An orc wizard (D:4)
  A hound skeleton (D:4)
  Robin (D:2)
  4 adders
  2 worms
  2 dart slugs
  2 orcs (D:4)
  8 endoplasms
  A giant cockroach (D:3)
  14 goblins
  11 hobgoblins
  7 jackals
  5 kobolds
  4 quokkas
  5 ball pythons
  4 bats
  2 frilled lizards
  3 rats
79 creatures vanquished.

Notes
Turn   | Place    | Note
-------+----------+-------------------------------------------
     0 | D:1      | frimble the Octopode Venom Mage began the quest for the
                  | Orb.
     0 | D:1      | Reached XP level 1. HP: 11/11 MP: 3/3
   328 | D:1      | Reached skill level 4 in Poison Magic
   329 | D:1      | Reached XP level 2. HP: 16/17 MP: 5/5
   435 | D:1      | Found a faded altar of an unknown god.
  1222 | D:1      | Reached XP level 3. HP: 21/21 MP: 6/6
  1226 | D:1      | Learned a level 3 spell: Ozocubu's Armour
  1689 | D:2      | Found a shimmering altar of Xom.
  1748 | D:2      | Reached skill level 5 in Poison Magic
  2027 | D:2      | Found Unty's General Store.
  2230 | D:2      | Bought a potion of curing for 30 gold pieces
  2251 | D:2      | Reached skill level 1 in Ice Magic
  2308 | D:2      | Reached XP level 4. HP: 19/27 MP: 4/7
  3063 | D:3      | Found a runed translucent gate.
  3063 | D:3      | Found a runed translucent gate.
  3063 | D:3      | Found a runed translucent gate.
  3500 | D:3      | Noticed avis's ghost (amateur OpTm)
  3588 | D:3      | Noticed Robin
  3638 | D:2      | Learned a level 4 spell: Olgreb's Toxic Radiance
  3856 | D:2      | Killed Robin
  4028 | D:3      | Reached XP level 5. HP: 28/31 MP: 6/9
  4351 | D:3      | Found a shimmering blue altar of Sif Muna.
  4791 | D:4      | Reached XP level 6. HP: 21/36 MP: 6/10
  4866 | D:4      | Blown up by a hobgoblin

Illustrated notes

Levels and vault maps discovered:
D:1:      lightli_arrival_chessboard, layout_rooms,
          hellmonk_ecumenical_altar_heavens_door,
          hangedman_abyss_or_decor_stabs, minmay_hedge_maze, dk_noncrumbling_4
D:2:      layout_basic, serial_shops, shop, basic_altar, grunt_decor_resistance,
          minivault_23, kennysheep_generic_room_9
D:3:      layout_rooms, lemuel_blue_sif_altar, gammafunk_ghost_icy, uniq_robin
D:4:      layout_cave_pools, portal_sewer_entry_d

Skill      XL: |  1  2  3  4  5 |
---------------+----------------+-----
Poison Magic   | 4 5 |  5.8
Ice Magic      | 1 2 |  2.5
Spellcasting   | 3 |  3.1
Dodging        | |  2.0
Stealth        | |  2.8
Transmutations | |  1.9

Action                   |  1- 3 |  4- 6 || total
-------------------------+-------+-------++-------
Melee: Unarmed           |     5 |       ||     5
       Constrict         |    13 |    16 ||    29
       Tentacles         |     8 |     7 ||    15
       Dagger            |    40 |    62 ||   102
 Cast: Sting             |    30 |    52 ||    82
       Olgreb's Toxic Ra |       |     1 ||     1
  Use: Scroll            |     1 |     7 ||     8
       Potion            |       |     1 ||     1
 Stab: Sleeping          |     9 |     5 ||    14
Armor: Skin              |     8 |    13 ||    21
Dodge: Dodged            |    29 |    64 ||    93

Table legend: (Time is in decaauts)
 A = Elapsed time spent in this place.
 B = Non-inter-level travel time spent in this place.
 C = Inter-level travel time spent in this place.
 D = Time resting spent in this place.
 E = Time spent auto-exploring this place.
 F = Levels seen in this place.
 G = Mean time per level.
                   A        B        C        D        E       F      G
               +--------+--------+--------+--------+--------+-----+--------+
         Total |   4870 |   4703 |    167 |    239 |   3704 |   4 | 1217.5 |
       Dungeon |   4870 |   4703 |    167 |    239 |   3704 |   4 | 1217.5 |
               +--------+--------+--------+--------+--------+-----+--------+

Top non-repeatable levels by time:
     D:2: 2076 daAuts
     D:1: 1322 daAuts
     D:3: 1133 daAuts
     D:4: 338 daAuts
